 Dungeon Crawl Stone Soup version 0.25-a0-492-g44cc58d149 (webtiles) character file.

Game seed: 381865466794110995, levelgen mode: deterministic

310 Lugonue the Chucker (level 6, -17/45 HPs)
             Began as a Draconian Hunter on Feb 11, 2020.
             Was a Follower of Hepliaklqana.
             Blown up by an orc (25 damage)
             ... with a disintegration bolt
             ... on level 4 of the Dungeon.
             The game lasted 00:08:52 (4076 turns).

Lugonue the Chucker (Draconian Hunter)              Turns: 4076, Time: 00:08:53

Health: -17/45     AC:  6    Str: 14    XL:     6   Next: 18%
Magic:  6/6        EV: 12    Int: 13    God:    Hepliaklqana [*.....]
Gold:   195        SH:  0    Dex: 12    Spells: 5/5 levels left

rFire    . . .     SeeInvis .   l - +1 falchion
rCold    . . .     Gourm    .   (no shield)
rNeg     . . .     Faith    .   (armour unavailable)
rPois    .         Spirit   .   (helmet restricted)
rElec    .         Reflect  .   n - scarf {repulsion}
rCorr    .         Harm     .   (no gloves)
MR       .....                  (no boots)
Stlth    ++........             j - amulet of rage
HPRegen  0.15/turn              (no ring)
MPRegen  0.10/turn              (no ring)

@: repel missiles
A: unfitting armour, reduced essence, cold-blooded, AC +6
a: Recall Ancestor, Ancestor Identity, Renounce Religion, Evoke Berserk Rage


You were on level 4 of the Dungeon.
You worshipped Hepliaklqana.
Hepliaklqana was aware of your devotion.
You were very hungry.

You visited 1 branch of the dungeon, and saw 4 of its levels.

You collected 195 gold pieces.

Inventory:

Hand Weapons
 a - a +0 short sword
 h - a +0 dagger of speed
 l - a +1 falchion (weapon)
Missiles
 b - 4 javelins (quivered)
 c - 2 boomerangs
Armour
 n - a scarf of repulsion (worn)
Jewellery
 e - a cursed -3 ring of intelligence {unknown}
 j - an amulet of rage (around neck)
Wands
 o - a wand of random effects (14)
 p - a wand of enslavement (3)
Scrolls
 f - a scroll of remove curse
 g - a scroll of teleportation {unknown}
 k - 3 scrolls of identify
 m - a scroll of fog
Potions
 i - 2 potions of brilliance
Comestibles
 d - 5 rations


   Skills:
 - Level 2.7 Fighting
 - Level 2.6(3.2) Short Blades
 + Level 2.9(3.4) Long Blades
 - Level 4.8 Throwing
 - Level 2.3 Dodging
 - Level 1.7 Stealth


You had 5 spell levels left.
You didn't know any spells.
Your spell library was empty.

Dungeon Overview and Level Annotations

Branches:
Dungeon (4/15)
 Temple: D:4-7

Altars:
Hepliaklqana

Annotations:
D:3 2 runed translucent doors, Error4North's ghost, novice HOFi


Innate Abilities, Weirdness & Mutations

Your plain brown scales are hard. (AC +6)
You cannot fit into any form of body armour.
You are cold-blooded and may be slowed by cold attacks.
Your life essence is reduced to manifest your ancestor. (-10% HP)


Message History

You hear the slow hiss of a distant avalanche of sand.
As you open the door, it creaks loudly!
There is an open door here.
Found a mace.
g - a scroll labeled VISCHI VUEHYPH
Found a stone staircase leading down.
You open the door.
There is an open door here.
Something unseen opens the door.
An orc comes into view.
It is wielding a +0 club and carrying a wand of disintegration (10).
The orc zaps a wand.
You are blasted!
Ouch! That really hurt!
* * * LOW HITPOINT WARNING * * *
You hit the orc but do no damage.
The orc zaps a wand.
You are blasted!
* * * LOW HITPOINT WARNING * * *
You hit the orc.
The orc is moderately wounded.
The orc zaps a wand.
You are blasted!
Ouch! That really hurt!
You die...

#....# #....#
#........ #....#
#........ ..
#....# #........
... #....#
#........
....#....#
#........
....'....#
#........ #.o@.#
#........
#...R####........
#####............
+............
#....###+###.
#....'.....+
#....#.....#
######..>..#
#.........#


You could see the friendly Dagmar the ancestor and an orc.

Vanquished Creatures
  2 orc priests (D:2)
  An orc wizard (D:3)
  A hound (D:3)
  An iguana (D:3)
  Ijyb (D:3)
  3 adders (D:2)
  A shadow imp (D:3)
  2 oozes
  5 worms
  A dart slug (D:2)
  4 leopard geckos
  9 orcs
  3 giant cockroaches
  4 hobgoblins
  9 kobolds
  A quokka (D:2)
  A ball python skeleton (D:4)
  6 bats
  2 frilled lizards (D:1)
  5 goblins
  10 rats
72 creatures vanquished.

Vanquished Creatures (collateral kills)
  A dart slug (D:3)
  A leopard gecko (D:3)
  A hobgoblin (D:3)
  2 ball pythons (D:3)
  A frilled lizard (D:3)
  A kobold (D:3)
7 creatures vanquished.

Vanquished Creatures (others)
  An ancestor (D:3)
1 creature vanquished.

Grand Total: 80 creatures vanquished

Notes
Turn   | Place    | Note
-------+----------+-------------------------------------------
     0 | D:1      | Lugonue the Draconian Hunter began the quest for the Orb.
     0 | D:1      | Reached XP level 1. HP: 17/17 MP: 1/1
   364 | D:1      | Reached skill level 4 in Throwing
   384 | D:1      | Reached XP level 2. HP: 21/24 MP: 2/2
   891 | D:2      | Reached skill level 1 in Stealth
   941 | D:2      | Reached XP level 3. HP: 12/30 MP: 3/3
  1308 | D:2      | Reached skill level 1 in Short Blades
  1477 | D:2      | Reached XP level 4. HP: 20/37 MP: 4/4
  1882 | D:3      | Found a hazy altar of Hepliaklqana.
  2201 | D:3      | Reached XP level 5. HP: 35/42 MP: 5/5
  3150 | D:3      | Became a worshipper of Hepliaklqana the Forgotten
  3155 | D:3      | Found a large runed translucent door.
  3156 | D:3      | Found a large runed translucent door.
  3163 | D:3      | Noticed Error4North's ghost (novice HOFi)
  3415 | D:3      | Reached skill level 1 in Long Blades
  3436 | D:3      | Noticed Ijyb
  3446 | D:3      | Killed Ijyb
  3469 | D:3      | Reached XP level 6. HP: 33/45 MP: 6/6
  3954 | D:4      | Reached * piety under Hepliaklqana
  4076 | D:4      | Blown up by an orc

Levels and vault maps discovered:
D:1:      lightli_arrival_lavapool, layout_basic
D:2:      layout_basic
D:3:      layout_rooms, overflow_temple_1_default, ebering_ghost_disaster_area,
          kennysheep_generic_room_10, uniq_crazy_yiuf_cottage, uniq_ijyb
D:4:      layout_gridville, enter_ossuary_1, minmay_misc_feat_hallway,
          okawaru_metal_pillars_1_2

Skill      XL: |  1  2  3  4  5 |
---------------+----------------+-----
Throwing       | 4 |  4.8
Stealth        | 1 |  1.7
Dodging        | 2 |  2.3
Short Blades   | 1 2 |  2.6
Long Blades    | 2 |  2.9
Fighting       | |  2.7

Action                   |  1- 3 |  4- 6 || total
-------------------------+-------+-------++-------
Melee: Dagger            |    94 |    88 ||   182
       Short sword       |    15 |       ||    15
       Tailslap          |    12 |    19 ||    31
       Falchion          |       |   103 ||   103
Throw: Javelin           |    20 |    20 ||    40
       Throwing net      |     1 |     2 ||     3
Evoke: Wand              |       |     1 ||     1
  Use: Potion            |       |     5 ||     5
       Scroll            |       |     5 ||     5
 Stab: Sleeping          |     1 |     1 ||     2
       Invisible         |       |     3 ||     3
       Paralysed         |       |     2 ||     2
  Eat: Chunk             |     1 |     1 ||     2
       Ration            |       |     2 ||     2
Armor: Skin              |    31 |    66 ||    97
Dodge: Dodged            |    58 |   129 ||   187
       Deflected         |       |     1 ||     1
       Rpst.: Falchion   |       |    19 ||    19

Table legend:
 A = Non-vault XP
 B = Vault XP
 C = Vault XP percentage of total XP
 D = Non-vault monster count
 E = Vault monster count
 F = Vault count percentage of total count
                 A         B        C        D         E       F
            +---------+---------+-------+---------+---------+-------
      Total |     407 |      37 |   8.3 |      76 |       3 |   3.8
            +---------+---------+-------+---------+---------+-------
        D:1 |      24 |       0 |   0.0 |      13 |       0 |   0.0
        D:2 |     169 |       0 |   0.0 |      27 |       0 |   0.0
        D:3 |     213 |      37 |  14.8 |      35 |       3 |   7.9
        D:4 |       1 |       0 |   0.0 |       1 |       0 |   0.0
            +---------+---------+-------+---------+---------+-------
